 Dungeon Crawl Stone Soup version 0.29-a0-100-g60f898f876 (webtiles) character file.

Game seed: 13682387763151868938

625 Gargoyl the Chopper (level 7, -1/43 HPs)
             Began as a Gargoyle Abyssal Knight on Feb 14, 2022.
             Was a Believer of Lugonu.
             Killed by divine providence
             ... invoked by an orc priest
              (14 damage)
             ... on level 5 of the Dungeon.
             The game lasted 00:05:23 (3761 turns).

Gargoyl the Chopper (Gargoyle Abyssal Knight)       Turns: 3761, Time: 00:05:24

Health: -1/43      AC: 17    Str: 19    XL:     7   Next: 47%
Magic:  9/9        EV:  8    Int: 10    God:    Lugonu [**....]
Gold:   253        SH:  8    Dex: 16    Spells: 6/6 levels left

rFire   . . .      SeeInvis +   c - +0 broad axe
rCold   . . .      Faith    .   m - +0 kite shield
rNeg    + . .      Spirit   .   g - +0 scale mail
rPois   ∞          Reflect  .   r - +2 helmet
rElec   +          Harm     .   i - +0 cloak
rCorr   .          Rampage  .   b - +0 pair of gloves
Will    .....                   (no boots)
Stlth   +.........              e - amulet of regeneration
HPRegen 0.94/turn               f - +6 ring of dexterity
MPRegen 0.11/turn               d - ring of see invisible

@: no status effects
A: sickness immunity, AC +4, negative energy resistance 1, electricity
resistance, torment resistance 1, petrification resistance
a: Renounce Religion, Depart the Abyss, Bend Space


You were on level 5 of the Dungeon.
You worshipped Lugonu.
Lugonu was pleased with you.
You visited 1 branch of the dungeon, and saw 5 of its levels.
You visited the Abyss 1 time.

You collected 253 gold pieces.

Inventory:

Hand Weapons
 a - a +1 hand axe
 c - a +0 broad axe (weapon)
Missiles
 h - 18 poisoned darts
 w - 5 curare-tipped darts (quivered)
Armour
 b - a +0 pair of gloves (worn)
 g - a +0 scale mail (worn)
 i - a +0 cloak (worn)
 m - a +0 kite shield (worn)
 r - a +2 helmet (worn)
Jewellery
 d - a ring of see invisible (right hand)
 e - an amulet of regeneration (around neck)
 f - a +6 ring of dexterity (left hand)
 n - an amulet of the acrobat
Wands
 s - a wand of acid (13)
Scrolls
 p - a scroll of enchant weapon {unknown}
 q - a scroll of teleportation
 u - a scroll of fog
Potions
 j - 2 potions of haste
 k - a potion of lignification
 l - a potion of flight
 o - a potion of berserk rage {unknown}
 t - 2 potions of curing {unknown}
 v - a potion of resistance {unknown}


   Skills:
 + Level 4.1 Fighting
 * Level 5.7 Axes
 + Level 3.0 Armour
 + Level 1.3 Dodging
 + Level 1.2 Stealth
 + Level 1.4 Shields
 * Level 3.6 Invocations


You had 6 spell levels left.
You didn't know any spells.
Your spell library contained the following spells:

 Spells                   Type           Power      Damage    Failure   Level
 Corpse Rot               Necr/Air       0%         N/A       99%         2
 Poisonous Vapours        Pois/Air       0%         N/A       99%         2
 Gell's Gravitas          Tloc           0%         N/A       100%        3
 Lesser Beckoning         Tloc           0%         N/A       100%        3
 Stone Arrow              Conj/Erth      0%         3d7       100%        3
 Teleport Other           Tloc           0%         N/A       100%        3
 Vampiric Draining        Necr           0%         2d6       100%        3
 Animate Armour           Summ/Erth      0%         N/A       100%        4
 Irradiate                Conj/Tmut      0%         3d14      100%        5
 Haunt                    Necr/Summ      0%         N/A       100%        7
 Lehudib's Crystal Spear  Conj/Erth      0%         10d2      100%        8


Dungeon Overview and Level Annotations

Branches:
Dungeon (5/15)
 Temple: D:4-7

Altars:
Hepliaklqana
Kikubaaqudgha
The Shining One


Innate Abilities, Weirdness & Mutations

You are immune to sickness and miasma.
Your stone body is resilient. (AC +4)
You are immune to poison.
You resist negative energy. (rN+)
You are resistant to electric shocks. (rElec)
You are resistant to unholy torment.
You are immune to petrification.


Message History

The orc priest hits you but does no damage.
The orc hits you with a +0 dagger.
The orc priest hits you but does no damage.
You barely miss the orc priest.
The orc priest is severely wounded.
You slash the orc!
You kill the orc!
Lugonu accepts your kill.
The orc priest looks encouraged for a moment.
Unknown command.
You barely miss the orc priest.
The orc priest is severely wounded.
The orc priest hits you but does no damage.
You block the orc priest's attack.
You closely miss the orc priest.
The orc priest is severely wounded.
You block the orc priest's attack.
You barely miss the orc priest.
The orc priest is severely wounded.
The orc priest hits you but does no damage.
The orc priest looks satisfied for a moment.
You hit the orc priest.
The orc priest is almost dead.
You block the orc priest's attack.
You closely miss the orc priest.
The orc priest is almost dead.
The orc priest hits you but does no damage. x2
You closely miss the orc priest.
The orc priest is almost dead.
The orc priest mumbles some strange prayers to Beogh against you.
Beogh smites you!
* * * LOW HITPOINT WARNING * * *
You completely miss the orc priest.
The orc priest is almost dead.
You block the orc priest's attack. The orc priest closely misses you.
You hit the orc priest but do no damage.
The orc priest is almost dead.
The orc priest invokes the aid of Beogh against you.
Beogh smites you!
You die...

#.# ##..............
#.# ##.......#...###
... .##..........###
.... ...........##
....>##.........#####
...............[...
..................
###...)...#######
#..)@)....#
#..o......#
#.........#
#.........#
#.........#
##.......## ##.....##
#######


You could see an orc priest.

Vanquished Creatures
  Menkaure (D:4)
  A necrophage (D:5)
  A water moccasin zombie (D:5)
  2 scorpions
  Crazy Yiuf (D:2)
  An iguana (D:4)
  Natasha (twice) (D:4)
  An orc wizard (D:5)
  Robin (D:3)
  2 adders (D:2)
  A dart slug (D:2)
  8 orcs
  7 endoplasms
  5 giant cockroaches
  13 goblins
  7 hobgoblins
  2 jackals (D:1)
  A quokka (D:1)
  5 ball pythons
  4 bats
  5 frilled lizards
  3 kobolds
  8 rats
82 creatures vanquished.

Vanquished Creatures (others)
  A fungus (D:1)
  20 plants
21 creatures vanquished.

Grand Total: 103 creatures vanquished

Notes
Turn   | Place    | Note
-------+----------+-------------------------------------------
     0 | Abyss:1  | Gargoyl the Gargoyle Abyssal Knight began the quest for the
                  | Orb.
     0 | Abyss:1  | Reached XP level 1. HP: 14/14 MP: 2/2
     0 | D:1      | Escaped the Abyss
    15 | D:1      | Noticed a formicid
    15 | D:1      | Noticed a dwarf
    17 | D:1      | Noticed a naga
    17 | D:1      | Noticed a demonspawn
    19 | D:1      | Noticed a troll
    21 | D:1      | Noticed a tengu
    23 | D:1      | Noticed an octopode
    25 | D:1      | Noticed a draconian
    25 | D:1      | Noticed a gargoyle
    27 | D:1      | Noticed a vampire
    27 | D:1      | Noticed a vine stalker
    29 | D:1      | Noticed a felid
    29 | D:1      | Noticed an ogre
    33 | D:1      | Noticed a minotaur
    35 | D:1      | Noticed a spriggan
    35 | D:1      | Noticed a merfolk
    37 | D:1      | Noticed a human
    37 | D:1      | Noticed a demigod
    39 | D:1      | Noticed an elf
    41 | D:1      | Noticed a ghoul
   454 | D:1      | Reached skill level 2 in Axes
   647 | D:1      | Reached XP level 2. HP: 18/19 MP: 3/3
   804 | D:1      | Reached * piety under Lugonu
  1045 | D:1      | Reached skill level 1 in Dodging
  1120 | D:1      | Found a faded altar of an unknown god.
  1128 | D:1      | Reached XP level 3. HP: 23/23 MP: 4/4
  1518 | D:2      | Reached skill level 1 in Stealth
  1725 | D:2      | Reached skill level 3 in Axes
  1747 | D:2      | Reached XP level 4. HP: 26/28 MP: 5/5
  1882 | D:2      | Found a runed translucent door.
  1883 | D:2      | Noticed Crazy Yiuf
  2055 | D:2      | Killed Crazy Yiuf
  2139 | D:3      | Got the Tome of the Several Hells
  2155 | D:3      | Found an ancient bone altar of Kikubaaqudgha.
  2158 | D:3      | Noticed Robin
  2172 | D:3      | Reached ** piety under Lugonu
  2187 | D:3      | Killed Robin
  2222 | D:3      | Found a glowing golden altar of the Shining One.
  2488 | D:3      | Reached XP level 5. HP: 32/32 MP: 6/6
  2798 | D:3      | Identified a scroll of acquirement
  2798 | D:3      | Acquired a ring of see invisible
  3030 | D:4      | Noticed Natasha
  3031 | D:4      | Noticed Menkaure
  3034 | D:4      | Killed Natasha
  3042 | D:4      | Killed Menkaure
  3043 | D:4      | Reached skill level 4 in Axes
  3043 | D:4      | Reached XP level 6. HP: 21/38 MP: 8/8
  3105 | D:4      | Found a hazy altar of Hepliaklqana.
  3446 | D:4      | Noticed Natasha
  3459 | D:4      | Killed Natasha
  3475 | D:4      | Reached skill level 5 in Axes
  3475 | D:4      | Reached skill level 1 in Shields
  3516 | D:5      | Entered Level 5 of the Dungeon
  3529 | D:5      | Noticed a necrophage
  3552 | D:5      | Killed a necrophage
  3553 | D:5      | Reached XP level 7. HP: 36/43 MP: 9/9
  3723 | D:5      | Identified the +1 leather armour of Gownoiss {Harm Int+3
                  | Stlth+}
  3761 | D:5      | Killed from afar by an orc priest

Illustrated notes

Levels and vault maps discovered:
D:1:      kb_arrival_jail, layout_loops_ring,
          dreamdust_ecumenical_altar_hidden_monk_grotto, minmay_curled_crystal
D:2:      layout_rooms, uniq_crazy_yiuf_cottage
D:3:      layout_basic, mainiacjoe_overflow_catch_the_wave,
          minmay_close_crescents, uniq_robin
D:4:      layout_rooms, nicolae_hepliaklqana_hazy_memory,
          minmay_stone_trees_small, uniq_natasha, uniq_menkaure
D:5:      layout_rooms, nicolae_overflow_hidden_temple, uniq_ijyb

Skill      XL: |  1  2  3  4  5  6  7 |
---------------+----------------------+-----
Axes           | 2 3 4 5 |  5.7
Dodging        | 1 |  1.3
Stealth        | 1 |  1.2
Invocations    | 3 |  3.6
Shields        | 1 |  1.4
Fighting       | 4 |  4.1
Armour         | 3 |  3.0

Action                   |  1- 3 |  4- 6 |  7- 9 || total
-------------------------+-------+-------+-------++-------
Melee: Broad axe         |   107 |   108 |    23 ||   238
       Punch             |     2 |       |       ||     2
Invok: Depart the Abyss  |     1 |       |       ||     1
  Use: Scroll            |     6 |     8 |       ||    14
       Potion            |       |     1 |       ||     1
Armor: Leather armour    |    57 |       |       ||    57
       Scale mail        |    12 |    72 |    21 ||   105
Dodge: Dodged            |    88 |    46 |    11 ||   145
Block: Kite shield       |       |    61 |    11 ||    72

Table legend: (Time is in decaauts)
 A = Elapsed time spent in this place.
 B = Non-inter-level travel time spent in this place.
 C = Inter-level travel time spent in this place.
 D = Time resting spent in this place.
 E = Time spent auto-exploring this place.
 F = Levels seen in this place.
 G = Mean time per level.
                   A        B        C        D        E       F      G
               +--------+--------+--------+--------+--------+-----+--------+
         Total |   3914 |   3822 |     92 |      0 |   2957 |   6 |  652.3 |
       Dungeon |   3914 |   3822 |     92 |      0 |   2957 |   5 |  782.8 |
         Abyss |      0 |      0 |      0 |      0 |      0 |   1 |    0.0 |
               +--------+--------+--------+--------+--------+-----+--------+

Top non-repeatable levels by time:
     D:1: 1544 daAuts
     D:3: 796 daAuts
     D:4: 663 daAuts
     D:2: 643 daAuts
     D:5: 266 daAuts
